cohdb
Replays
Latest Replays
All Replays
Popular Replays
Top Player Replays
Match Explorer
How It Works
Community
CoH3 Stats
Reddit
Sign in to upload your games and track your stats! →
Sign in with Steam
Loss vs AAA(WM_200)_지뢰+해안공익
Match 18632712
Overview
Messages
Build Orders
End
Pioneer Squad
Pioneer Squad
Selects Italian Coastal Battlegroup
Selects Coastal Reserves
Coastal Reserve
Coastal Reserve
Coastal Reserve
Construct Infanterie Kompanie
MG 42 Machine Gun Team
Construct Luftwaffe Kompanie
Selects Designate Defensive Line
221 Scout Car
Jäger Squad
Designate Defensive Line
Support Elements
Wirbelwind Flakpanzer
Wirbelwind Flakpanzer
aaa
(KCC)AlwaysMGfirst
0
0
Comments
sign in to comment!
No comments posted yet!